 Dungeon Crawl Stone Soup version 0.24-a0-355-gbe4061de67 (webtiles) character file.

Game seed: 1163322588568012934

86 mhoghedin the Conjurer (level 4, -7/33 HPs)
             Began as a Draconian Conjurer on May 24, 2019.
             Mangled by an ice beast (12 damage)
             ... on level 3 of the Dungeon.
             The game lasted 00:02:52 (1980 turns).

mhoghedin the Conjurer (Draconian Conjurer)         Turns: 1980, Time: 00:02:52

Health: -7/33      AC:  7    Str: 11    XL:     4   Next: 26%
Magic:  2/7        EV: 12    Int: 16    God:
Gold:   37         SH:  0    Dex: 11    Spells: 1/7 levels left

rFire    . . .     SeeInvis .   k - +0 dagger (venom)
rCold    . . .     Gourm    .   (no shield)
rNeg     . . .     Faith    .   (armour unavailable)
rPois    .         Spirit   .   l - +2 hat
rElec    .         Reflect  .   (no cloak)
rCorr    .         Harm     .   (no gloves)
MR       .....                  (no boots)
Stlth    ++........             (no amulet)
HPRegen  0.11/turn              (no ring)
MPRegen  0.10/turn              (no ring)

@: slowed, very slow
A: unfitting armour, cold-blooded, AC +5
a: no special abilities


You were on level 3 of the Dungeon.
You were not hungry.

You visited 1 branch of the dungeon, and saw 3 of its levels.

You collected 37 gold pieces.

Inventory:

Hand Weapons
 k - a +0 dagger of venom (weapon)
   (You took it off a kobold on level 2 of the Dungeon)
Armour
 l - a +2 hat (worn)
   (You found it on level 1 of the Dungeon)
Wands
 u - a wand of acid (8)
   (You found it on level 3 of the Dungeon)
Scrolls
 c - a scroll of noise {unknown}
 d - 5 scrolls of remove curse {unknown}
 g - 10 scrolls of identify {unknown}
 i - a scroll of amnesia {unknown}
 o - 3 scrolls of teleportation {unknown}
 p - a scroll of enchant weapon {unknown}
 q - a scroll of blinking {unknown}
 s - 3 scrolls of enchant armour {unknown}
 t - a scroll of immolation {unknown}
Potions
 a - 2 potions of degeneration {unknown}
 e - a potion of agility {unknown}
 f - a potion of magic {unknown}
 h - a potion of haste {unknown}
 j - a potion of curing {unknown}
 m - 2 potions of might {unknown}
 n - a potion of ambrosia {unknown}
Comestibles
 b - 7 rations


   Skills:
 - Level 1.7 Dodging
 - Level 1.7 Stealth
 - Level 2.0 Spellcasting
 + Level 5.5 Conjurations
 + Level 1.2 Hexes


You had one spell level left.
You knew the following spells:

 Your Spells              Type           Power        Failure   Level  Hunger
a - Magic Dart            Conj           ###.         2%          1    #......
b - Searing Ray           Conj           ###...       3%          2    ###....
c - Dazzling Spray        Conj/Hex       ##....       16%         3    ###....

Your spell library contained the following spells:

 Spells                   Type           Power        Failure   Level  Hunger
 Iskenderun's Mystic Bla  Conj           ###.....     22%         4    #####..
 Fulminant Prism          Conj/Hex       ##........   45%         4    #####..
 Force Lance              Conj/Tloc      ##......     54%         4    #####..


Dungeon Overview and Level Annotations

Branches:
Dungeon (3/15)

Altars:


Innate Abilities, Weirdness & Mutations

Your plain brown scales are hard. (AC +5)
You cannot fit into any form of body armour.
You are cold-blooded and may be slowed by cold attacks.


Message History

Things that are here:
a +0 club; a goblin corpse You open the door.
An adder and a giant cockroach come into view.
There are monsters nearby!
A kobold comes into view.
The adder hisses angrily.
The kobold shouts!
The giant cockroach closely misses you.
There is an open door here.
You hit the adder but do no damage.
The adder is poisoned.
The adder bites you but does no damage. The giant cockroach closely misses you.
The adder closely misses you.
You hit the adder.
The adder looks as sick as possible!
You kill the adder!
The giant cockroach bites you but does no damage.
You barely miss the kobold. You tail-slap the kobold.
The giant cockroach completely misses you.
The kobold hits you.
You take 1 damage, and have 29/33 hp.
You hit the kobold.
You kill the kobold!
The giant cockroach closely misses you.
The giant cockroach bites you but does no damage.
You hit the giant cockroach.
The giant cockroach is poisoned.
You kill the giant cockroach!
No target in view!
No target in view!
No target in view!
No target in view!
No target in view!
No target in view!
No target in view!
No target in view!
No target in view!
No target in view!
No target in view!
You see here a stone.
s - 3 scrolls labeled YSERAQEONE (gained 1)
You open the door.
There is an open door here.
There is an open door here.
You see here 15 stones.
b - 6 rations (gained 1)
You see here 15 stones.
You open the door.
All of the chunks of flesh in your inventory have rotted away.
You see here a dagger.
There is an open door here.
A hobgoblin comes into view. It is wielding a +0 club.
A hobgoblin is nearby!
Health restored: 33 The hobgoblin shouts!
You closely miss the hobgoblin.
Your tail-slap misses the hobgoblin.
The hobgoblin closely misses you.
You hit the hobgoblin.
The hobgoblin is poisoned.
You hit the hobgoblin.
The hobgoblin looks as sick as possible!
The hobgoblin barely misses you.
You hit the hobgoblin.
You kill the hobgoblin!
No target in view!
No target in view!
No target in view!
No target in view!
No target in view!
Things that are here:
a +0 club; a hobgoblin corpse
b - 7 rations (gained 1) As you open the door, it creaks loudly!
There is an open door here.
An ice beast comes into view.
A bat comes into view.
There is a stone staircase leading down here.
The helpless ice beast fails to defend itself.
You hit the ice beast but do no damage. The bat misses you.
The ice beast hits you. The ice beast freezes you!
You take 10 damage, and have 23/33 hp.
MASSIVE DAMAGE!!
The bat misses you. The bat barely misses you. The bat barely misses you.
The bat hits you but does no damage.
Aim: a bat The searing ray hits the bat.
You kill the bat! (Press . to maintain the ray.)
You now have 5/7 mp.
The searing ray misses the ice beast.
The ice beast barely misses you.
You now have 4/7 mp.
The searing ray hits the ice beast.
The ice beast hits you. The ice beast freezes you!
You feel yourself slow down.
You take 14 damage, and have 10/33 hp.
MASSIVE DAMAGE!!
You now have 3/7 mp.
The searing ray hits the ice beast!
You finish channeling your searing ray.
The ice beast hits you.
* * * LOW HITPOINT WARNING * * *
The ice beast freezes you!
You die...

###.# #..##.# #.#
##.##)#
###.#########..#.#
.##.#............#
.##.#.###......#.#
.##.#.# #......#.#
)##.#.# #......#.#
###.#.# #......#.#
#.#.# #......#@#
###.#.#
######.#Y########
....#.#
#.#.#.!.....
#####.#
#...#....... #.#
##..#....... #.#
##..#....... #.#
#..>........
####.#####
#.###.!.....
#........# #.#
.......


You could see an ice beast.

Vanquished Creatures
  3 adders
  A worm (D:2)
  A dart slug (D:1)
  An orc (D:3)
  7 bats
  6 giant cockroaches
  6 goblins
  4 hobgoblins
  4 jackals (D:2)
  7 kobolds
  6 rats
46 creatures vanquished.

Notes
Turn   | Place    | Note
-------+----------+-------------------------------------------
     0 | D:1      | mhoghedin the Draconian Conjurer began the quest for the
                  | Orb.
     0 | D:1      | Reached XP level 1. HP: 14/14 MP: 3/3
   442 | D:1      | Reached XP level 2. HP: 20/20 MP: 3/5
   471 | D:1      | Learned a level 2 spell: Searing Ray
  1121 | D:2      | Reached skill level 5 in Conjurations
  1121 | D:2      | Reached XP level 3. HP: 26/26 MP: 0/6
  1233 | D:2      | Learned a level 3 spell: Dazzling Spray
  1680 | D:3      | Reached XP level 4. HP: 33/33 MP: 7/7
  1756 | D:3      | Reached skill level 1 in Hexes
  1967 | D:3      | Noticed an ice beast
  1980 | D:3      | HP: 5/33 [ice beast (5)]
  1980 | D:3      | Mangled by an ice beast

Levels and vault maps discovered:
D:1:      onia_arrival_pyramid, layout_rooms
D:2:      layout_rooms, first_ration
D:3:      layout_basic, kennysheep_decorative_pillar

Skill      XL: |  1  2  3  4 |
---------------+-------------+-----
Conjurations   | 5 |  5.5
Hexes          | 1 |  1.2
Dodging        | |  1.7
Stealth        | |  1.7
Spellcasting   | |  2.0

Action                   |  1- 3 |  4- 6 || total
-------------------------+-------+-------++-------
Melee: Dagger            |    74 |    22 ||    96
       Tailslap          |     3 |     1 ||     4
 Cast: Magic Dart        |    39 |       ||    39
       Searing Ray       |     1 |     1 ||     2
  Use: Scroll            |     1 |       ||     1
 Stab: Sleeping          |       |     1 ||     1
  Eat: Chunk             |     3 |     1 ||     4
Armor: Skin              |    26 |    10 ||    36
Dodge: Dodged            |    66 |    23 ||    89

Table legend:
 A = Non-vault XP
 B = Vault XP
 C = Vault XP percentage of total XP
 D = Non-vault monster count
 E = Vault monster count
 F = Vault count percentage of total count
                 A         B        C        D         E       F
            +---------+---------+-------+---------+---------+-------
      Total |     123 |       0 |   0.0 |      46 |       0 |   0.0
            +---------+---------+-------+---------+---------+-------
        D:1 |      20 |       0 |   0.0 |      10 |       0 |   0.0
        D:2 |      58 |       0 |   0.0 |      18 |       0 |   0.0
        D:3 |      45 |       0 |   0.0 |      18 |       0 |   0.0
            +---------+---------+-------+---------+---------+-------

Levels and vault maps discovered:
D:1:      onia_arrival_pyramid, layout_rooms
D:2:      layout_rooms, first_ration
D:3:      layout_basic, kennysheep_decorative_pillar

Table legend:
 A = Turns spent in this place as a percentage of turns spent in the entire game.
 B = Non-inter-level travel turns spent in this place as a percentage of non-inter-level travel turns spent in the entire game.
 C = Inter-level travel turns spent in this place as a percentage of turns spent in this place.
 D = Turns resting spent in this place as a percentage of non-inter-level travel turns spent in this place.
 E = Turns spent auto-exploring this place as a percentage of non-inter-level travel turns spent in this place.
 F = Non-inter-level travel turns spent in this place divided by the number of levels of this place that you've seen.
                   A       B       C       D       E      F
               +-------+-------+-------+-------+-------+----------------------
         Total | 100.0 | 100.0 |   1.6 |  29.2 |  52.4 | 649.7
       Dungeon | 100.0 | 100.0 |   1.6 |  29.2 |  52.4 | 649.7
               +-------+-------+-------+-------+-------+----------------------

Table legend:
 A = Kills in this place as a percentage of kills in entire the game.
 B = Kills by you in this place as a percentage of kills by you in the entire game.
 C = Kills by friends in this place as a percentage of kills by friends in the entire game.
 D = Other kills in this place as a percentage of other kills in the entire game.
 E = Experience gained in this place as a percentage of experience gained in the entire game.
 F = Experience gained in this place divided by the number of levels of this place that you have seen.
                   A       B       C       D       E      F
               +-------+-------+-------+-------+-------+----------------------
         Total | 100.0 | 100.0 |   N/A |   N/A | 100.0 |  41.0
       Dungeon | 100.0 | 100.0 |   N/A |   N/A | 100.0 |  41.0
               +-------+-------+-------+-------+-------+----------------------
